 Dungeon Crawl Stone Soup version 0.29.0-11-gd7f09526c8 (webtiles) character file.

Game seed: 10494784212413482175

284 4FPSwarrior the Magician (level 6, -11/47 HPs)
             Began as a Demonspawn Hedge Wizard on Sept 4, 2022.
             Blown up by Pikel (19 damage)
             ... with a mindburst bolt
             ... on level 4 of the Dungeon.
             The game lasted 00:17:43 (6542 turns).

4FPSwarrior the Magician (Demonspawn Hedge Wizard)  Turns: 6542, Time: 00:17:43

Health: -11/47     AC:  7    Str: 13    XL:     6   Next: 7%
Magic:  12/12      EV: 31    Int: 20    God:
Gold:   176        SH:  0    Dex: 12    Spells: 10/13 levels left

rFire   . . .      SeeInvis .   x - +1 whip (elec)
rCold   . . .      Faith    .   (no shield)
rNeg    . . .      Spirit   .   v - +3 leather armour of the Robin {Int+5}
rPois   .          Reflect  .   c - +0 hat
rElec   .          Harm     .   (no cloak)
rCorr   .          Rampage  .   (no gloves)
Will    .....                   l - +0 pair of boots
Stlth   ++........              q - amulet of the acrobat
HPRegen 0.15/turn               (no ring)
MPRegen 0.13/turn               (no ring)

@: agile, acrobatic
A: powered by pain 1
a: no special abilities


You were on level 4 of the Dungeon.
You visited 1 branch of the dungeon, and saw 5 of its levels.

You collected 257 gold pieces.
You spent 81 gold pieces at shops.

Inventory:

Hand Weapons
 a - a +0 dagger
 x - a +1 whip of electrocution (weapon)
 y - a +0 long sword
Armour
 c - a +0 hat (worn)
 l - a +0 pair of boots (worn)
 v - the +3 leather armour of the Robin (worn) {Int+5}
   (You found it on level 2 of the Dungeon)

   Int:       It affects your intelligence (+5).
Jewellery
 b - an amulet of magic regeneration
 q - an amulet of the acrobat (around neck)
Scrolls
 j - 2 scrolls of summoning
 k - a scroll of amnesia {unknown}
 m - a scroll of enchant weapon {unknown}
 o - 2 scrolls of blinking
 p - a scroll of brand weapon {unknown}
 r - a scroll of fear {unknown}
 u - a scroll of butterflies {unknown}
 w - a scroll of poison {unknown}
Potions
 d - 2 potions of magic
 e - 2 potions of berserk rage
 f - a potion of might {unknown}
 g - 2 potions of brilliance
 h - 2 potions of curing
 i - a potion of resistance {unknown}
 n - 2 potions of degeneration {unknown}
 s - a potion of lignification {unknown}
 t - 3 potions of heal wounds {unknown}


   Skills:
 + Level 3.0 Fighting
 - Level 1.7 Dodging
 - Level 1.7 Stealth
 + Level 4.1 Spellcasting
 + Level 3.2 Conjurations
 + Level 2.4 Summonings
 - Level 0.8 Translocations


You had 10 spell levels left.
You knew the following spells:

 Your Spells              Type           Power      Damage    Failure   Level
a - Magic Dart            Conj           68%        1d6       4%          1
b - Call Imp              Summ           14%        N/A       9%          2

Your spell library contained the following spells:

 Spells                   Type           Power      Damage    Failure   Level
 Slow                     Hex            16%        N/A       16%         1
 Blink                    Tloc           14%        N/A       17%         2
 Conjure Flame            Conj/Fire      10%        6-21      24%         3
 Mephitic Cloud           Conj/Pois/Air  8%         N/A       30%         3
 Ignite Poison            Fire/Tmut/Pois 4%         N/A       43%         3
 Freezing Cloud           Conj/Ice/Air   4%         6-21      96%         5


Dungeon Overview and Level Annotations

Branches:
Dungeon (5/15)
 Temple: D:4-7

Altars:
Dithmenos
Qazlal
Ru

Shops:
D:2 *

Annotations:
D:4 Pikel
D:5 Grinder


Innate Abilities, Weirdness & Mutations

You sometimes gain a little power by taking damage.


Message History

Pikel zaps a wand.
Your mind is blasted!
You focus on the pain.
You feel your power returning.
Pikel says, "You'll burn in Gehenna!"
Your crimson imp hits Pikel but does no damage.
Pikel cracks his whip.
Your crimson imp barely misses Pikel.
Pikel zaps a wand.
Your mind is blasted!
Your crimson imp closely misses Pikel.
Pikel zaps a wand.
Your mind is blasted!
Your crimson imp hits Pikel.
Pikel zaps a wand.
Your mind is blasted!
There is an escape hatch in the ceiling here.
You start resting.
Pikel is nearby!
A mysterious force pulls you upwards. The hatch slams shut behind you.
You start resting.
HP restored.
You see here a +0 flail.
There is a stone staircase leading down here.
You climb downwards.
Level annotation: Pikel
There is a stone staircase leading up here.
Things that are here:
a +0 club; a +0 sling Pikel is nearby!
Casting: Call Imp (safe; 9% risk of failure)
Confirm with . or Enter, or press ? or * to list all spells.
Aiming: Magic Dart (safe; 4% risk of failure)
Press: ? - help, Shift-Dir - straight line, f - Pikel
Aim: Pikel, wielding a +1 whip of flaming, wearing a +2 robe of willpower and carrying a wand of mindburst (13) (100% to hit)
The magic dart hits Pikel but does no damage.
Pikel zaps a wand.
Your mind is blasted!
You focus on the pain.
You feel your power returning.
Pikel zaps a wand.
Your mind is blasted!
You focus on the pain.
You feel agile all of a sudden.
Pikel zaps a wand.
Your mind is blasted!
* * * LOW HITPOINT WARNING * * *
Pikel zaps a wand.
You barely resist.
Pikel zaps a wand.
Your mind is blasted!
You die...

,,,,,,,,,....#.....#....#.##.....
**,,,,,,,.......)K##.............
***,*,,,.#..#...####.....##.###.
****,,...##)).# #..#.......#*,
*,,........####........##*,
*,,..........##.........##*
**,.........##...........#
*,,.....(..###.......#.###
**,..##...@.#####........#
**.........# ##......##
*##.....<## ##.....# #......#
###...# ###.#.## ##### ####*


You could see Pikel.

Vanquished Creatures
  A lemure (D:3)
  A hound (D:4)
  An orc priest (D:4)
  2 adders
  An ufetubus (D:3)
  3 dart slugs
  6 orcs
  9 bats
  6 endoplasms
  5 giant cockroaches
  9 goblins
  7 hobgoblins
  4 jackals (D:1)
  7 kobolds
  4 quokkas
  7 ball pythons
  6 frilled lizards
  4 rats
83 creatures vanquished.

Vanquished Creatures (collateral kills)
  2 lemures (D:3)
  An orc priest (D:4)
  2 iguanas (D:4)
  2 adders (D:4)
  2 orcs (D:4)
9 creatures vanquished.

Grand Total: 92 creatures vanquished

Notes
Turn   | Place    | Note
-------+----------+-------------------------------------------
     0 | D:1      | 4FPSwarrior the Demonspawn Hedge Wizard began the quest for
                  | the Orb.
     0 | D:1      | Reached XP level 1. HP: 13/13 MP: 4/4
   340 | D:1      | Gained mutation: You sometimes gain a little power by
                  | taking damage. [demonic ancestry]
   340 | D:1      | Reached XP level 2. HP: 20/20 MP: 1/6
   509 | D:1      | Reached skill level 1 in Fighting
  1000 | D:1      | Reached XP level 3. HP: 23/26 MP: 1/7
  1310 | D:1      | Found a faded altar of an unknown god.
  1991 | D:2      | Learned a level 2 spell: Call Imp
  2470 | D:2      | Found Gehemn's Assorted Antiques.
  2482 | D:2      | Bought a lumpy silvery potion for 26 gold pieces
  2482 | D:2      | Bought a scroll labelled ODO DIQUKU for 29 gold pieces
  2482 | D:2      | Bought a lumpy silvery potion for 26 gold pieces
  2550 | D:2      | Identified the +3 leather armour of the Robin {Int+5}
  2781 | D:3      | Reached XP level 4. HP: 33/33 MP: 5/9
  3245 | D:3      | Found a stormy altar of Qazlal.
  3307 | D:3      | Found a shadowy altar of Dithmenos.
  4114 | D:4      | Reached XP level 5. HP: 26/39 MP: 2/10
  4437 | D:4      | Reached skill level 4 in Spellcasting
  4840 | D:4      | Reached XP level 6. HP: 47/47 MP: 5/12
  4938 | D:4      | Found a sacrificial altar of Ru.
  4947 | D:4      | Identified the +0 scale mail "Egotymmu" {rN+ rCorr}
  5169 | D:5      | Entered Level 5 of the Dungeon
  5169 | D:5      | Noticed Grinder
  5208 | D:5      | Noticed an ice beast
  5241 | D:5      | Noticed Pikel
  6542 | D:4      | Blown up by Pikel

Illustrated notes

Levels and vault maps discovered:
D:1:      heliophobic_arrival_glass_houses, layout_basic,
          basic_ecumenical_altar, minmay_split_cup_large
D:2:      layout_rooms, serial_shops, nicolae_shop_stone
D:3:      layout_loops_ring, grunt_qazlal_sundering,
          mainiacjoe_overflow_boulevard
D:4:      layout_cave_pools, nicolae_ru_awakened_eye, lemuel_old_faithful
D:5:      layout_loops_ring, old_standard_altar,
          nicolae_yredelemnul_ghost_church, uniq_grinder, uniq_pikel,
          uniq_eustachio

Skill      XL: |  1  2  3  4  5 |
---------------+----------------+-----
Fighting       | 1 2 3 |  3.0
Conjurations   | 2 3 |  3.2
Summonings     | 2 |  2.4
Spellcasting   | 4 |  4.1
Dodging        | |  1.7
Stealth        | |  1.7
Translocations | |  0.8

Action                   |  1- 3 |  4- 6 || total
-------------------------+-------+-------++-------
Melee: Dagger            |     2 |       ||     2
       Falchion          |    19 |       ||    19
       Whip              |       |     6 ||     6
 Cast: Magic Dart        |   131 |   166 ||   297
       Call Imp          |       |    16 ||    16
  Use: Scroll            |       |     6 ||     6
Armor: Robe              |     6 |       ||     6
       Leather armour    |     2 |    20 ||    22
Dodge: Dodged            |    32 |    90 ||   122
